 Dungeon Crawl Stone Soup version 0.28.0-49-g6dfe1f597d (webtiles) character file.

Game seed: 3667872227580185467

7 Peloso the Skirmisher (level 1, 0/20 HPs)
             Began as a Minotaur Fighter on May 18, 2022.
             Slain by a kobold
             ... wielding a +0 short sword of venom
              (1 damage)
             ... on level 1 of the Dungeon.
             The game lasted 00:00:38 (177 turns).

Peloso the Skirmisher (Minotaur Fighter)             Turns: 177, Time: 00:00:39

Health: 0/20       AC:  6    Str: 20    XL:     1   Next: 91%
Magic:  0/0        EV:  9    Int:  5    God:
Gold:   6          SH:  4    Dex:  9    Spells: 0/0 levels left

rFire   . . .      SeeInvis .   a - +0 long sword
rCold   . . .      Faith    .   c - +0 buckler
rNeg    . . .      Spirit   .   b - +0 scale mail
rPois   .          Reflect  .   (helmet restricted)
rElec   .          Harm     .   (no cloak)
rCorr   .          Rampage  .   (no gloves)
Will    .....                   (no boots)
Stlth   ..........              (no amulet)
HPRegen 0.06/turn               (no ring)
MPRegen 0.07/turn               (no ring)

@: lethally poisoned (0 -> -11)
A: horns 2, retaliatory headbutt
a: no special abilities


You were on level 1 of the Dungeon.
You visited 1 branch of the dungeon, and saw 1 of its levels.

You collected 6 gold pieces.

Inventory:

Hand Weapons
 a - a +0 long sword (weapon)
Armour
 b - a +0 scale mail (worn)
 c - a +0 buckler (worn)
Jewellery
 e - a ring of resist corrosion
Scrolls
 f - a scroll of teleportation {unknown}
Potions
 d - a potion of might


   Skills:
 + Level 3.9 Fighting
 + Level 2.6 Long Blades
 + Level 3.6 Armour
 + Level 3.8 Shields


You couldn't memorise any spells.
You didn't know any spells.
Your spell library contained the following spells:

 Spells                   Type           Power      Damage    Failure   Level
 Animate Skeleton         Necr           0%         N/A       89%         1
 Pain                     Necr           0%         1d4       89%         1
 Ensorcelled Hibernation  Hex/Ice        0%         N/A       96%         2
 Passwall                 Tmut/Erth      0%         N/A       96%         2
 Swiftness                Air            0%         N/A       99%         3
 Vampiric Draining        Necr           0%         2d6       99%         3


Dungeon Overview and Level Annotations

Branches:
Dungeon (1/15)

Altars:


Innate Abilities, Weirdness & Mutations

You have a pair of horns on your head.
You reflexively headbutt those who attack you in melee.


Message History

The giant cockroach moves out of view.
Found a scroll labelled COZIAL PYT.
You hit the giant cockroach.
You kill the giant cockroach! 2 kobolds come into view.
A kobold is wielding a +0 short sword of venom.
The kobold shouts! x2
The kobold throws a stone.
The stone barely misses you.
You see here a scroll labelled COZIAL PYT.
There are monsters nearby!
There are monsters nearby!
Unknown command.
You hit the kobold.
The kobold is moderately wounded.
The kobold hits you but does no damage.
You are poisoned.
You closely miss the kobold.
The kobold is moderately wounded.
You feel very sick.
The kobold hits you with a +0 short sword of venom.
You are more poisoned.
You barely miss the kobold.
The kobold is moderately wounded.
You feel very sick.
The kobold hits you with a +0 short sword of venom.
You are more poisoned.
The kobold closely misses you. You furiously retaliate!
You headbutt the kobold. You closely miss the kobold.
The kobold is heavily wounded.
* * * LOW HITPOINT WARNING * * *
You feel very sick. The kobold hits you but does no damage.
Unknown command.
You barely miss the kobold.
The kobold is heavily wounded.
* * * LOW HITPOINT WARNING * * *
You feel very sick.
The kobold hits you with a +0 short sword of venom.
You die...

#################
#....
................#
#...#
##.#######.####.#
#...# ##.#
#.####.###...# ##.#
#............# .
##.#
######.####..###...
...# #.# #....K..K
#### ######.####?.#
# #......@KK...# #
#.####.#####.# #
#.# ... . #.# ####
# #.# # #.# #.# #.#


You could see 2 kobolds.

Vanquished Creatures
  A dart slug (D:1)
  A bat (D:1)
  A giant cockroach (D:1)
  2 kobolds (D:1)
5 creatures vanquished.

Notes
Turn   | Place    | Note
-------+----------+-------------------------------------------
     0 | D:1      | Peloso the Minotaur Fighter began the quest for the Orb.
     0 | D:1      | Reached XP level 1. HP: 19/19 MP: 0/0
   177 | D:1      | HP: 1/20 [poisoned by a kobold]
   177 | D:1      | Slain by a kobold

Illustrated notes

Levels and vault maps discovered:
D:1:      dpeg_arrival_erosion, layout_loops_ring, nicolae_wormholes

Action                   || total
-------------------------++-------
Melee: Long sword        ||    13
       Headbutt          ||     1
Armor: Scale mail        ||     5
Dodge: Dodged            ||     4
Block: Buckler           ||     3
